 Dungeon Crawl Stone Soup version 0.23.0-33-g5e6c059 (webtiles) character file.

Game seed: 813072941389684386

140 kidcy the Chiller (level 5, -8/38 HPs)
             Began as a Merfolk Ice Elementalist on Feb 26, 2019.
             Killed from afar by an orc wizard (11 damage)
             ... with a puff of flame
             ... on level 4 of the Dungeon.
             The game lasted 00:08:13 (3498 turns).

kidcy the Chiller (Merfolk Ice Elementalist)        Turns: 3498, Time: 00:08:15

Health: -8/38      AC:  4    Str:  7 (8)  XL:     5   Next: 23%
Magic:  0/9        EV: 13    Int: 13 (15) God:
Gold:   205        SH:  0    Dex: 13 (15) Spells: 2/9 levels left

rFire    . . .     SeeInvis .   u - +0 trident
rCold    + . .     Gourm    .   (no shield)
rNeg     . . .     Faith    .   a - +0 robe
rPois    .         Spirit   .   v - +0 helmet
rElec    .         Reflect  .   s - +0 cloak
rCorr    .         Harm     .   (no gloves)
MR       .....                  (no boots)
Stlth    ++........             (no amulet)
HPRegen  0.12/turn              (no ring)
MPRegen  0.11/turn              (no ring)

@: no status effects
A: change form in water, swift swim, stealthy swim, cold resistance 1, evolution
1
a: no special abilities


You were on level 4 of the Dungeon.
You were not hungry.

You visited 1 branch of the dungeon, and saw 4 of its levels.

You collected 205 gold pieces.

Inventory:

Hand Weapons
 b - a +0 dagger
 u - a +0 trident (weapon)
Armour
 a - a +0 robe (worn)
 h - a +0 ring mail
 s - a +0 cloak (worn)
 v - a +0 helmet (worn)
Wands
 t - a wand of iceblast (6)
Scrolls
 e - 2 scrolls of teleportation {unknown}
 g - 3 scrolls of identify {unknown}
 j - a scroll of fear {unknown}
 k - a scroll of amnesia {unknown}
 m - a scroll of noise {unknown}
 o - a scroll of remove curse {unknown}
 w - a scroll of fog {unknown}
Potions
 d - a potion of curing
 i - a potion of flight {unknown}
 l - a potion of agility {unknown}
 n - a potion of degeneration
 p - 2 potions of berserk rage {unknown}
 q - 3 potions of resistance {unknown}
 r - a potion of lignification {unknown}
Comestibles
 c - 3 rations


   Skills:
 - Level 1.7 Fighting
 - Level 2.6 Dodging
 - Level 2.1 Stealth
 + Level 2.7 Spellcasting
 - Level 0.7 Conjurations
 * Level 1.6 Summonings
 * Level 4.9 Ice Magic


You had 2 spell levels left.
You knew the following spells:

 Your Spells              Type           Power        Failure   Level  Hunger
a - Freeze                Ice            ##..         3%          1    #......
b - Throw Frost           Conj/Ice       #.....       11%         2    ###....
c - Summon Ice Beast      Ice/Summ       ##......     52%         4    #####..

Your spell library contained the following spells:

 Spells                   Type           Power        Failure   Level  Hunger
 Animate Skeleton         Necr           N/A          24%         1    #......
 Pain                     Necr           #...         24%         1    #......
 Ozocubu's Armour         Chrm/Ice       #.......     26%         3    ###....
 Regeneration             Chrm/Necr      #.........   56%         3    ###....
 Vampiric Draining        Necr           #.........   56%         3    ###....
 Throw Icicle             Conj/Ice       #.......     58%         4    #####..
 Animate Dead             Necr           N/A          93%         4    #####..


Dungeon Overview and Level Annotations

Branches:
Dungeon (4/15)
 Temple: D:4-7

Altars:
Ashenzari
Nemelex Xobeh
Xom


Innate Abilities, Weirdness & Mutations

You revert to your normal form in water You are very nimble and swift while swimming.
You are very stealthy in the water. (Stealth+)
Your flesh is cold resistant. (rC+)
You evolve.


Message History

Confirm with . or Enter, or press ? or * to list all spells.
Aiming: Freeze (safe; 2% risk of failure)
Press: ? - help, Shift-Dir - straight line You freeze something.
Something hits you.
* * * LOW HITPOINT WARNING * * *
You writhe in agony.
* * * LOW HITPOINT WARNING * * *
Casting: Freeze (safe; 2% risk of failure)
Confirm with . or Enter, or press ? or * to list all spells.
Aiming: Freeze (safe; 2% risk of failure)
Press: ? - help, Shift-Dir - straight line You freeze something.
Something hits you.
* * * LOW HITPOINT WARNING * * *
It was a potion of degeneration.
There was something very wrong with that liquid.
You feel weakened.
You feel dopey.
You feel clumsy.
You hear some strange, mumbled words.
A puff of flame appears from out of thin air!
The puff of flame hits you!
You die...

#.# +#...## #####.####
.o..... #........#
....... #.###.##.#
##.......
#.##.########..>...#
#...........)....).#
........#####o##...#.##
######### #{##...# #
#@##...# #.##.....
#.###..### #.# ..# #.#
..# #.. ###


You could see an orc.

Vanquished Creatures
  A worker ant (D:4)
  3 adders
  3 worms (D:3)
  A dart slug (D:3)
  4 leopard geckos
  11 orcs
  5 bats
  6 giant cockroaches
  10 goblins
  2 hobgoblins
  2 jackals (D:2)
  2 frilled lizards
  7 kobolds
  6 rats
63 creatures vanquished.

Notes
Turn   | Place    | Note
-------+----------+-------------------------------------------
     0 | D:1      | kidcy the Merfolk Ice Elementalist began the quest for the
                  | Orb.
     0 | D:1      | Reached XP level 1. HP: 13/13 MP: 3/3
   270 | D:1      | Found a sparkling altar of Nemelex Xobeh.
   322 | D:1      | Reached XP level 2. HP: 16/20 MP: 1/5
   638 | D:1      | Reached skill level 1 in Fighting
  1225 | D:2      | Reached skill level 4 in Ice Magic
  1225 | D:2      | Reached XP level 3. HP: 26/26 MP: 4/6
  1308 | D:2      | Learned a level 2 spell: Throw Frost
  1592 | D:2      | Reached XP level 4. HP: 33/33 MP: 3/7
  1598 | D:2      | Learned a level 4 spell: Summon Ice Beast
  2058 | D:3      | Found a shimmering altar of Xom.
  2182 | D:3      | Reached skill level 1 in Summonings
  2627 | D:3      | Found a shattered altar of Ashenzari.
  3464 | D:4      | Reached XP level 5. HP: 38/38 MP: 5/9
  3491 | D:4      | Gained mutation: You evolve. [potion of mutation]
  3491 | D:4      | Gained mutation: Your flesh is cold resistant. (rC+)
                  | [potion of mutation]
  3498 | D:4      | Killed from afar by an orc wizard

Skill      XL: |  1  2  3  4 |
---------------+-------------+-----
Fighting       | 1 |  1.7
Ice Magic      | 4 |  4.9
Summonings     | 1 |  1.6
Dodging        | |  2.6
Stealth        | |  2.1
Spellcasting   | |  2.7
Conjurations   | |  0.7

Action                   |  1- 3 |  4- 6 || total
-------------------------+-------+-------++-------
Melee: Dagger            |    34 |    25 ||    59
       Unarmed           |     1 |       ||     1
       Trident           |       |    33 ||    33
 Cast: Freeze            |    40 |    50 ||    90
  Use: Potion            |       |     3 ||     3
 Stab: Sleeping          |     3 |     7 ||    10
  Eat: Chunk             |     3 |     5 ||     8
       Ration            |       |     1 ||     1
Armor: Robe              |    15 |    16 ||    31
Dodge: Dodged            |    41 |    55 ||    96
